 Dungeon Crawl Stone Soup version 0.22-b1-59-g0aedee7 (webtiles) character file.

25 goulibeur the Unweaver (level 2, -7/24 HPs)
             Began as a Demonspawn Abyssal Knight on Aug 9, 2018.
             Was a Follower of Lugonu.
             Mangled by a worm (8 damage)
             ... on level 2 of the Dungeon.
             The game lasted 00:03:13 (1439 turns).

goulibeur the Unweaver (Demonspawn Abyssal Knight)  Turns: 1439, Time: 00:03:13

Health: -7/24      AC:  8    Str: 12    XL:     2   Next: 82%
Magic:  4/4        EV:  9    Int: 13    God:    Lugonu [*.....]
Gold:   94         SH:  0    Dex: 12    Spells: 1/1 levels left

rFire    . . .     SeeInvis .   a - +1 short sword
rCold    . . .     Gourm    .   (no shield)
rNeg     . . .     Faith    .   l - +0 scale mail
rPois    .         Spirit   .   (no helmet)
rElec    .         Reflect  .   (no cloak)
rCorr    .         Harm     .   (no gloves)
MR       .....                  n - +0 pair of boots
Stlth    ..........             (no amulet)
HPRegen  0.08/turn              (no ring)
MPRegen  0.09/turn              (no ring)

@: drained
A: rugged brown scales 1
a: Depart the Abyss, Renounce Religion


You were on level 2 of the Dungeon.
You worshipped Lugonu.
Lugonu was aware of your devotion.
You were hungry.

You visited 1 branch of the dungeon, and saw 2 of its levels.
You visited the Abyss 1 time.

You collected 94 gold pieces.

Inventory:

Hand Weapons
 a - a +1 short sword (weapon)
Armour
 b - a +0 leather armour
 l - a +0 scale mail (worn)
 n - a +0 pair of boots (worn)
Jewellery
 s - an uncursed amulet of the gourmand {unknown}
Scrolls
 d - a scroll of remove curse {unknown}
 g - 2 scrolls of identify {unknown}
 h - a scroll of noise {unknown}
 i - a scroll of magic mapping {unknown}
 j - a scroll of amnesia {unknown}
 o - a scroll of fear {unknown}
 p - a scroll of random uselessness {unknown}
 r - a scroll of enchant armour {unknown}
Potions
 e - a potion of brilliance {unknown}
 f - 2 potions of magic {unknown}
 k - a potion of degeneration {unknown}
 m - a potion of mutation {unknown}
 q - a potion of curing {unknown}
Comestibles
 c - 3 rations


   Skills:
 + Level 3.2(3.0) Fighting
 - Level 1.7(1.5) Short Blades
 + Level 2.1(1.9) Armour
 + Level 1.3(1.1) Dodging
 * Level 3.3(3.1) Invocations


You had one spell level left.
You didn't know any spells.
Your spell library was empty.

Dungeon Overview and Level Annotations

Branches:
Dungeon (2/15)

Altars:


Innate Abilities, Weirdness & Mutations

You are partially covered in rugged brown scales. (AC +1, +3% HP)


Message History

The kobold barely misses you.
You hit the worm.
The worm is heavily wounded.
The worm closely misses you.
You hit the worm.
The worm is heavily wounded.
The kobold hits you but does no damage.
You hit the worm but do no damage.
The worm is heavily wounded.
The kobold completely misses you. The worm barely misses you.
You hit the worm.
The worm is almost dead.
The kobold barely misses you.
You barely miss the worm.
The worm is almost dead.
The kobold hits you but does no damage. The worm bites you but does no damage.
You completely miss the worm.
The worm is almost dead.
The kobold barely misses you. The worm bites you!
You die...

##### #...# # #
#...# .#
#######...####.#.##
#.@w...............
#K##...###...#.#.##
#. #...# #.#.# #.
#.w.# #.#.# ##
.......# #.#.# #.
........# #.#.# #.
........# #.#.# #.
........#
#.#.#####.
#K.......
..#.......


You could see a worm and a kobold.

Vanquished Creatures
  A dart slug (D:1)
  A ball python (D:1)
  A giant cockroach (D:1)
  2 goblins
  A hobgoblin (D:1)
  7 jackals
  4 kobolds
  2 frilled lizards (D:1)
19 creatures vanquished.

Notes
Turn   | Place    | Note
-------+----------+-------------------------------------------
     0 | Abyss:1  | goulibeur the Demonspawn Abyssal Knight began the quest for the Orb.
     0 | Abyss:1  | Reached XP level 1. HP: 18/18 MP: 2/2
     0 | Abyss:1  | Found a corrupted altar of Lugonu.
    71 | Abyss:1  | Noticed a rakshasa
    73 | D:1      | Escaped the Abyss
   117 | D:1      | Reached skill level 1 in Dodging
   483 | D:1      | Gained mutation: You are partially covered in rugged brown scales. (AC +1, +3% HP) [demonic ancestry]
   483 | D:1      | Reached XP level 2. HP: 17/24 MP: 4/4
   513 | D:1      | Reached * piety under Lugonu
  1433 | D:2      | HP: 1/24 [worm (7)]
  1439 | D:2      | Mangled by a worm

Skill      XL: |  1  2 |
---------------+-------+-----
Dodging        | 1 |  1.3
Armour         | 2 |  2.1
Invocations    | 3 |  3.3
Fighting       | |  3.2
Short Blades   | |  1.7

Action                   || total
-------------------------++-------
Melee: Short sword       ||   102
Invok: Depart the Abyss  ||     1
  Eat: Chunk             ||     1
Armor: Scale mail        ||    19
       Leather armour    ||    15
Dodge: Dodged            ||    56
